 Dungeon Crawl Stone Soup version 0.30-a0-329-g85436e0a43 (console) character file.

Game seed: 9259043394157384637

35 capslocke the Insei (level 3, 0/23 HPs)
             Began as an Octopode Transmuter on Oct 29, 2022.
             Slain by a goblin
             ... wielding a +0 club
             ... led by Robin
              (5 damage)
             ... on level 2 of the Dungeon.
             The game lasted 00:02:48 (993 turns).

capslocke the Insei (Octopode Transmuter)            Turns: 993, Time: 00:02:48

Health: 0/23       AC:  1    Str: 11    XL:     3   Next: 35%
Magic:  5/6        EV: 13    Int: 15    God:
Gold:   80         SH:  3    Dex: 12    Spells: 5/6 levels left

rFire   . . .      SeeInvis .      - Unarmed
rCold   . . .      Faith    .    d - +0 buckler
rNeg    . . .      Spirit   .    (helmet currently unavailable)
rPois   .          Reflect  .    (no amulet)
rElec   .          Harm     .    (no ring)
rCorr   .          Rampage  .    (no ring)
Will    .....                    (no ring)
Stlth   ++........               (no ring)
HPRegen 0.23/turn                (no ring)
MPRegen 0.10/turn                (no ring)
                                 (no ring)
                                 (no ring)

@: appendages (expiring)
A: tentacle spike 3, almost no armour, amphibious, 8 rings, camouflage 1,
gelatinous body 1, (nimble swimmer 1), tentacles
a: End Transformation


You were on level 2 of the Dungeon.
One of your tentacles had grown a beastly spike.
You visited 1 branch of the dungeon, and saw 2 of its levels.

You collected 80 gold pieces.

Inventory:

Armour
 d - a +0 buckler (worn)
Scrolls
 e - a scroll of amnesia {unknown}
 f - 3 scrolls of enchant armour {unknown}
 h - a scroll of fear {unknown}
 i - a scroll of acquirement {unknown}
Potions
 a - 2 potions of lignification
 b - a potion of brilliance {unknown}
 c - a potion of cancellation {unknown}
 g - a potion of curing {unknown}


   Skills:
 + Level 1.2 Fighting
 + Level 2.4 Dodging
 + Level 3.5 Unarmed Combat
 + Level 2.4 Spellcasting
 + Level 2.1 Transmutations


You had 5 spell levels left.
You knew the following spells:

 Your Spells              Type           Power      Damage    Failure   Level
a - Beastly Appendage     Tmut           16%        N/A       12%         1

Your spell library contained the following spells:

 Spells                   Type           Power      Damage    Failure   Level
 Wereblood                Tmut           8%         N/A       19%         2
 Scorch                   Fire           2%         2d5       41%         2
 Spider Form              Tmut/Pois      4%         N/A       50%         3
 Ice Form                 Ice/Tmut       4%         N/A       88%         4
 Flame Wave               Conj/Fire      1%         2d4       96%         4
 Summon Cactus Giant      Summ           0%         N/A       100%        6


Dungeon Overview and Level Annotations

Branches:
Dungeon (2/15)

Altars:

Shops:
D:1 [


Innate Abilities, Weirdness & Mutations

One of your tentacles has grown a beastly spike.
You cannot wear most types of armour.
You are amphibious.
You can wear up to eight rings at the same time.
Your skin changes colour to match your surroundings (Stealth+).
Your rubbery body absorbs attacks. (AC +1, EV +1)
((You are camouflaged when in or above water. (Stealth+)))
You have tentacles for arms and can constrict up to eight enemies at once.


Message History

Your transformation is almost over.
You constrict the goblin.
You kill the goblin!
Robin throws the goblin at you! The goblin closely misses you.
The goblin hits you with a +0 dagger.
Your magical contamination has completely faded away.
You closely miss the goblin. Your grab misses the goblin.
You pierce the goblin.
You kill the goblin!
The goblin closely misses you. The hobgoblin barely misses you.
You tentacle-slap the goblin. Your grab misses the goblin.
Your tentacle spike misses the goblin.
The goblin is heavily wounded.
The hobgoblin barely misses you. The goblin hits you with a +0 dagger.
You completely miss the goblin. Your grab misses the goblin.
Your tentacle spike misses the goblin.
Your squeeze misses the goblin.
The goblin is heavily wounded.
Robin throws the goblin at you! The goblin hits you but does no damage.
The hobgoblin barely misses you. The goblin hits you with a +0 club.
You tentacle-slap the hobgoblin but do no damage.
You grab the hobgoblin.
You pierce the hobgoblin, but do no damage.
You squeeze the hobgoblin.
You kill the hobgoblin!
The goblin hits you with a +0 club. The goblin hits you with a +0 dagger.
You tentacle-slap the goblin.
You kill the goblin!
The goblin barely misses you.
You tentacle-slap Robin. Your grab misses Robin.
You pierce Robin.
Robin is severely wounded.
The goblin closely misses you. Robin hits you with a +0 club.
You tentacle-slap Robin. You grab Robin.
Robin is almost dead.
You constrict Robin. Robin hits you with a +0 club.
* * * LOW HITPOINT WARNING * * *
You block the goblin's attack.
You tentacle-slap Robin.
You kill Robin!
The goblin hits you with a +0 club.
You die...

### ##8### ##....#
##..8#.###
##...##...# ###
#8†)##...g###....#
#.<.#....)@<.....#
#8..####+#######.#
##...# ##..8#
##.... #8#.. ##...
.#


You could see a goblin.

Vanquished Creatures
  Robin (D:2)
  3 dart slugs
  2 endoplasms (D:1)
  A giant cockroach (D:1)
  3 hobgoblins
  3 quokkas (D:1)
  A ball python (D:1)
  4 bats
  6 goblins
  3 kobolds
  A rat (D:1)
28 creatures vanquished.

Notes
Turn   | Place    | Note
-------+----------+-------------------------------------------
     0 | D:1      | capslocke the Octopode Transmuter began the quest for the
                  | Orb.
     0 | D:1      | Reached XP level 1. HP: 13/13 MP: 3/3
   268 | D:1      | Reached XP level 2. HP: 18/18 MP: 3/5
   579 | D:1      | Found Yzenoybo's Armour Emporium.
   942 | D:2      | Reached XP level 3. HP: 17/23 MP: 4/6
   980 | D:2      | Noticed Robin
   993 | D:2      | Killed Robin
   993 | D:2      | Slain by a goblin

Illustrated notes

Levels and vault maps discovered:
D:1:      nagdon_arrival_zigzag_paths, layout_basic, serial_shops,
          nicolae_shop_competitors_out_of_business, minmay_misc_feat_tiny
D:2:      layout_basic, basic_altar, grunt_decor_one_mirror,
          kennysheep_cluttered_room, st_stairs_3, grunt_ministairs_8,
          minmay_divided_ellipse, uniq_robin

Action                   || total
-------------------------++-------
Melee: Unarmed           ||    56
       Constrict         ||    18
       Tentacles         ||    12
       Kick              ||    19
       Punch             ||     1
 Cast: Beastly Appendage ||    12
 Stab: Sleeping          ||     6
Armor: Skin              ||     5
Dodge: Dodged            ||    38
Block: Buckler           ||     7

Table legend: (Time is in decaauts)
 A = Elapsed time spent in this place.
 B = Non-inter-level travel time spent in this place.
 C = Inter-level travel time spent in this place.
 D = Time resting spent in this place.
 E = Time spent auto-exploring this place.
 F = Levels seen in this place.
 G = Mean time per level.
                   A        B        C        D        E       F      G
               +--------+--------+--------+--------+--------+-----+--------+
         Total |    991 |    946 |     45 |    148 |    605 |   2 |  495.5 |
       Dungeon |    991 |    946 |     45 |    148 |    605 |   2 |  495.5 |
               +--------+--------+--------+--------+--------+-----+--------+

Top non-repeatable levels by time:
     D:1: 935 daAuts
     D:2: 55 daAuts
